 Dungeon Crawl Stone Soup version 0.29.1-12-g30fa7ad0bf (webtiles) character file.

Game seed: 11574573454599962760

226 McKennaii the Conjurer (level 5, 0/38 HPs)
             Began as a Demigod Conjurer on Jan 7, 2023.
             Slain by a wraith (8 damage)
             ... in an ossuary.
             The game lasted 00:04:36 (3397 turns).

McKennaii the Conjurer (Demigod Conjurer)           Turns: 3397, Time: 00:04:37

Health: 0/38       AC:  4    Str:  8    XL:     5   Next: 41%
Magic:  5/12       EV: 13    Int: 24    God:
Gold:   75         SH:  0    Dex: 18    Spells: 7/10 levels left

rFire   . . .      SeeInvis .   (no weapon)
rCold   . . .      Faith    .   (no shield)
rNeg    . . .      Spirit   .   a - +0 robe
rPois   .          Reflect  .   m - +0 helmet
rElec   .          Harm     .   (no cloak)
rCorr   .          Rampage  .   (no gloves)
Will    .....                   u - +0 pair of boots
Stlth   ++........              (no amulet)
HPRegen 0.12/turn               p - +6 ring of dexterity
MPRegen 0.13/turn               r - ring of flight

@: flying, slowed, very slow
A: high MP 1, forlorn, divine attributes
a: no special abilities


You were in an ossuary.
You visited 1 branch of the dungeon, and saw 6 of its levels.
You also visited: Ossuary.

You collected 75 gold pieces.

Inventory:

Armour
 a - a +0 robe (worn)
 m - a +0 helmet (worn)
 u - a +0 pair of boots (worn)
 x - the +3 leather armour "Moriecs" {+Inv rN+ Str+3}
   (You found it on level 7 of the Dungeon)

   Str:       It affects your strength (+3).
   rN:        It protects you from negative energy.
   +Inv:      It lets you turn invisible.
Jewellery
 p - a +6 ring of dexterity (left hand)
 r - a ring of flight (right hand)
Scrolls
 c - 2 scrolls of identify {unknown}
 d - 3 scrolls of amnesia {unknown}
 e - a scroll of immolation {unknown}
 g - a scroll of vulnerability {unknown}
 j - 2 scrolls of fear {unknown}
 k - 2 scrolls of teleportation {unknown}
 v - a scroll of torment {unknown}
 y - 3 scrolls of blinking {unknown}
 z - a scroll of enchant armour {unknown}
Potions
 b - a potion of magic
 f - 2 potions of lignification {unknown}
 h - 2 potions of haste {unknown}
 i - 4 potions of curing {unknown}
 l - 3 potions of might {unknown}
 n - a potion of ambrosia {unknown}
 o - a potion of resistance {unknown}
 q - 2 potions of flight {unknown}
 s - a potion of berserk rage {unknown}
 t - a potion of mutation {unknown}
 w - a potion of degeneration {unknown}


   Skills:
 + Level 3.4 Dodging
 - Level 2.0 Stealth
 + Level 3.1 Spellcasting
 + Level 4.7 Conjurations


You had 7 spell levels left.
You knew the following spells:

 Your Spells              Type           Power      Damage    Failure   Level
a - Magic Dart            Conj           100%       1d8       1%          1
b - Searing Ray           Conj           52%        2d6       2%          2

Your spell library contained the following spells:

 Spells                   Type           Power      Damage    Failure   Level
 Sandblast                Erth           6%         2d5       11%         1
 Dazzling Flash           Conj/Hex       30%        N/A       12%         3
 Stone Arrow              Conj/Erth      30%        3d8       12%         3
 Call Imp                 Summ           3%         N/A       16%         2
 Ensorcelled Hibernation  Hex/Ice        6%         N/A       16%         2
 Passwall                 Tmut/Erth      2%         N/A       16%         2
 Mephitic Cloud           Conj/Pois/Air  11%        N/A       17%         3
 Swiftness                Air            3%         N/A       32%         3
 Fulminant Prism          Conj/Hex       7%         3d7       38%         4
 Iskenderun's Mystic Bla  Conj/Tloc      15%        2d5       38%         4
 Agony                    Necr           3%         N/A       96%         5
 Silence                  Hex/Air        1%         N/A       96%         5


Dungeon Overview and Level Annotations

Branches:
Dungeon (7/15)             Temple (0/1) D:7         Ossuary (1/1)

Annotations:
D:7 Prince Ribbit


Innate Abilities, Weirdness & Mutations

You have an increased reservoir of magic. (+10% MP)
You shall have no god before yourself.
Your divine heritage dramatically boosts your attributes as you level up.


Message History

Confirm with . or Enter, or press ? or * to list all spells.
Aiming: Searing Ray (safe; 2% risk of failure)
Press: ? - help, Shift-Dir - straight line, f - wraith
Aim: a wraith (79% to hit)
The searing ray misses the wraith. (Press . to maintain the ray.) Unknown command.
The searing ray hits the wraith but does no damage.
The wraith hits you! The wraith drains your vigour!
You feel yourself slow down.
Unknown command.
The searing ray hits the wraith.
The wraith is lightly damaged.
The wraith barely misses you.
Unknown command.
The searing ray hits the wraith.
The wraith is moderately damaged.
You finish channelling your searing ray.
The wraith hits you. x2; The wraith drains your vigour!
You feel as though you will be slow longer.
Unknown command.
Okay, then.
Casting: Searing Ray (safe; 2% risk of failure)
Confirm with . or Enter, or press ? or * to list all spells.
Aiming: Searing Ray (safe; 2% risk of failure)
Press: ? - help, Shift-Dir - straight line, f/p - wraith
Aim: a wraith (lightly damaged, 79% to hit)
The searing ray hits the wraith but does no damage.
The wraith is lightly damaged. (Press . to maintain the ray.)
The wraith closely misses you.
The searing ray hits the wraith but does no damage.
The wraith is lightly damaged.
The wraith hits you. The wraith drains your vigour!
You feel as though you will be slow longer.
The wraith hits you!
* * * LOW HITPOINT WARNING * * *
Unknown command.
The wraith attacks as you move away! The wraith hits you!
You die...

#.............###...##
...............##.....##
...####..####..'...∩...###
8.. #...'.#..'.......#W#
Z..####..####..'...∩...###
.......Z......##.....##
#.............###...##
#.......####..# ##.##
#...8...@W"#..# ###
#.......####..# #W#
.........Z....# ##
#..#.#........#
#..#+#..####..# # #...
#..# #..####..# .........#
.........#


You could see a wraith and a kobold zombie.

Vanquished Creatures
  A bullfrog (D:7)
  A scorpion (D:7)
  An iguana (D:7)
  2 adders (D:2)
  A dart slug (D:3)
  An orc (D:7)
  7 ball pythons
  2 bats
  2 endoplasms (D:2)
  9 hobgoblins
  5 jackals
  5 kobolds
  4 quokkas
  7 frilled lizards
  3 goblins
  3 goblin zombies (Ossuary)
  2 hobgoblin zombies (Ossuary)
  2 kobold zombies (Ossuary)
  3 rats (D:3)
61 creatures vanquished.

Notes
Turn   | Place    | Note
-------+----------+-------------------------------------------
     0 | D:1      | McKennaii the Demigod Conjurer began the quest for the Orb.
     0 | D:1      | Reached XP level 1. HP: 14/14 MP: 5/5
   298 | D:1      | Reached XP level 2. HP: 20/20 MP: 5/7
  1118 | D:2      | Reached XP level 3. HP: 26/26 MP: 4/8
  1186 | D:2      | Reached skill level 4 in Conjurations
  2658 | D:4      | You are sucked into a shaft and drop 3 floors!
  2707 | D:7      | Noticed a kobold brigand
  2722 | D:7      | Learned a level 2 spell: Searing Ray
  2760 | D:7      | Found a staircase to the Ecumenical Temple.
  2764 | D:7      | Noticed Prince Ribbit
  2824 | D:7      | Noticed a scorpion
  2876 | D:7      | Identified the +3 leather armour "Moriecs" {+Inv rN+ Str+3}
  2921 | D:7      | Noticed a bullfrog
  2925 | D:7      | Killed a bullfrog
  2926 | D:7      | Reached XP level 4. HP: 33/33 MP: 6/11
  2984 | D:7      | Reached XP level 5. HP: 38/38 MP: 2/12
  3130 | D:7      | Found a sand-covered staircase.
  3155 | Ossuary  | Entered an ossuary
  3155 | Ossuary  | Noticed a wraith
  3155 | Ossuary  | Noticed a wraith
  3155 | Ossuary  | Noticed a wraith
  3389 | Ossuary  | Noticed a wraith
  3397 | Ossuary  | Slain by a wraith

Illustrated notes

Levels and vault maps discovered:
D:1:      heliophobic_arrival_ceremonial_halls, layout_basic
D:2:      layout_basic
D:3:      layout_basic, mainiacjoe_overflow_cross_hatched
D:4:      layout_gridville, nemelex_diamond_rough_becter,
          chequers_temple_overflow_minitemple, serial_demonic, serial_demonic_f,
          serial_demonic_d, serial_demonic_a, serial_demonic_e,
          serial_demonic_e, serial_demonic_g, serial_demonic_e,
          minmay_distorted, uniq_natasha
D:6:      layout_gridville, lemuel_round_altar, led_sif_book,
          nicolae_ru_great_annihilating_truth
D:7:      layout_loops_cross, minmay_temple_entry_stoned_glass, enter_ossuary_2,
          uniq_prince_ribbit1
Ossuary:  ossuary_kennysheep_city_of_the_dead

Skill      XL: |  1  2  3  4 |
---------------+-------------+-----
Stealth        | 2 |  2.0
Dodging        | 2 3 |  3.4
Spellcasting   | 2 3 |  3.1
Conjurations   | 4 |  4.7

Action                   |  1- 3 |  4- 6 || total
-------------------------+-------+-------++-------
 Cast: Magic Dart        |   101 |     3 ||   104
       Searing Ray       |     1 |    12 ||    13
Armor: Robe              |     4 |     1 ||     5
Dodge: Dodged            |     6 |     6 ||    12
